 Dungeon Crawl Stone Soup version 0.29-a0-321-gf1c400731a (webtiles) character file.

Game seed: 16495922395690136329

61 YayAnonymity the Sneak (level 4, 0/27 HPs)
             Began as an Octopode Enchanter on Apr 5, 2022.
             Succumbed to an adder's poison
             ... on level 2 of the Dungeon.
             The game lasted 00:01:58 (1019 turns).

YayAnonymity the Sneak (Octopode Enchanter)         Turns: 1019, Time: 00:01:59

Health: 0/27       AC:  1    Str:  7    XL:     4   Next: 7%
Magic:  1/7        EV: 13    Int: 17    God:
Gold:   134        SH:  0    Dex: 14    Spells: 5/7 levels left

rFire   . . .      SeeInvis .   a - +1 dagger
rCold   . . .      Faith    .   (no shield)
rNeg    . . .      Spirit   .   (helmet restricted)
rPois   .          Reflect  .   (no amulet)
rElec   .          Harm     .   (no ring)
rCorr   .          Rampage  .   (no ring)
Will    .....                   (no ring)
Stlth   ++++......              (no ring)
HPRegen 0.09/turn               (no ring)
MPRegen 0.10/turn               (no ring)
                                (no ring)
                                (no ring)

@: brilliant, lethally poisoned (0 -> -3), flying
A: almost no armour, amphibious, 8 rings, camouflage 1, gelatinous body 1,
(nimble swimmer 1), tentacles, inability to read while threatened
a: no special abilities


You were on level 2 of the Dungeon.
You visited 1 branch of the dungeon, and saw 2 of its levels.

You collected 134 gold pieces.

Inventory:

Hand Weapons
 a - a +1 dagger (weapon)
Missiles
 j - 4 boomerangs (quivered)
Scrolls
 c - a scroll of identify {unknown}
 d - a scroll of fear {unknown}
 e - a scroll of vulnerability {unknown}
 k - a scroll of torment {unknown}
Potions
 b - 2 potions of invisibility
 h - a potion of mutation
 i - a potion of magic {unknown}


   Skills:
 - Level 1.0 Short Blades
 - Level 2.0 Dodging
 * Level 6.0 Stealth
 - Level 2.0 Spellcasting
 + Level 3.6 Hexes


You had 5 spell levels left.
You knew the following spells:

 Your Spells              Type           Power      Damage    Failure   Level
a - Ensorcelled Hibernat  Hex/Ice        22%        N/A       14%         2

Your spell library contained the following spells:

 Spells                   Type           Power      Damage    Failure   Level
 Confusing Touch          Hex            21%        N/A       13%         3
 Tukima's Dance           Hex            21%        N/A       13%         3
 Dazzling Flash           Conj/Hex       22%        N/A       28%         3


Dungeon Overview and Level Annotations

Branches:
Dungeon (2/15)

Altars:

Shops:
D:1 (


Innate Abilities, Weirdness & Mutations

You cannot wear most types of armour.
You are amphibious.
You can wear up to eight rings at the same time.
Your skin changes colour to match your surroundings (Stealth+).
Your rubbery body absorbs attacks. (AC +1, EV +1)
((You are camouflaged when in or above water. (Stealth+)))
You have tentacles for arms and can constrict up to eight enemies at once.
You sometimes lose the ability to read scrolls when taking damage.


Message History

You miscast Ensorcelled Hibernation.
You are very lightly contaminated with residual magic.
Nothing appears to happen.
The hobgoblin closely misses you. The adder barely misses you.
You hit the adder but do no damage. Your grab misses the adder.
The adder bites you.
You are poisoned.
The adder poisons you! The hobgoblin barely misses you.
You hit the adder. You grab the adder.
The adder is moderately wounded.
You constrict the adder.
You feel sick. The adder bites you.
You are lethally poisoned!
The adder poisons you! The hobgoblin hits you.
You hit the adder.
The adder is severely wounded.
You constrict the adder.
You feel sick. The adder barely misses you. The hobgoblin hits you.
The adder misses you.
You hit the adder.
You kill the adder!
* * * LOW HITPOINT WARNING * * *
You feel sick. The hobgoblin misses you.
Your Stealth skill increases to level 6!
You have reached level 4!
You hit the hobgoblin.
You kill the hobgoblin!
* * * LOW HITPOINT WARNING * * *
You feel sick.
It was a potion of mutation.
You feel extremely strange.
You lose the ability to read scrolls when threatened.
* * * LOW HITPOINT WARNING * * *
You feel sick.
It was a potion of brilliance.
You feel clever all of a sudden.
* * * LOW HITPOINT WARNING * * *
You feel sick.
Your magical contamination has completely faded away.
It was a potion of flight.
You feel very buoyant.
You fly up into the air.
You die...

.. ... .# ... ..#..
#.#$# #.#.#
###.####.#...#
......#.##..# ....
........@.># .....S
......†...# .....
......###.# .....
......###.#
........#'# #...#
......###.###.#.####
#....#..........#
#.##.#####.####.#
#.!...........# #


There were no monsters in sight!

Vanquished Creatures
  A gnoll (D:1)
  2 adders (D:2)
  A dart slug (D:1)
  A ball python (D:1)
  5 bats (D:1)
  6 endoplasms
  A giant cockroach (D:1)
  3 goblins (D:1)
  2 hobgoblins
  A quokka (D:1)
  5 frilled lizards
  A kobold (D:1)
  A rat (D:1)
30 creatures vanquished.

Notes
Turn   | Place    | Note
-------+----------+-------------------------------------------
     0 | D:1      | YayAnonymity the Octopode Enchanter began the quest for the
                  | Orb.
     0 | D:1      | Reached XP level 1. HP: 11/11 MP: 3/3
    79 | D:1      | Reached XP level 2. HP: 14/17 MP: 5/5
   185 | D:1      | Reached skill level 5 in Stealth
   273 | D:1      | Found Gamameg's Weapon Boutique.
   383 | D:1      | Reached XP level 3. HP: 21/21 MP: 6/6
   612 | D:1      | Learned a level 2 spell: Ensorcelled Hibernation
  1016 | D:2      | Reached skill level 6 in Stealth
  1016 | D:2      | Reached XP level 4. HP: 6/27 MP: 0/7
  1017 | D:2      | Gained mutation: You sometimes lose the ability to read
                  | scrolls when taking damage. [potion of mutation]
  1018 | D:2      | HP: 1/27 [poisoned by an adder]
  1019 | D:2      | Succumbed to an adder's poison

Illustrated notes

Levels and vault maps discovered:
D:1:      dpeg_arrival_pond, layout_rooms, serial_shops, shop_coins,
          minmay_box_of_dots
D:2:      layout_basic, chequers_ecumenical_altar_simple_redux,
          minmay_fractal_squares_5

Skill      XL: |  1  2  3 |
---------------+----------+-----
Stealth        | 5 6 |  6.0
Short Blades   | |  1.0
Dodging        | |  2.0
Spellcasting   | |  2.0
Hexes          | |  3.6

Action                   |  1- 3 |  4- 6 || total
-------------------------+-------+-------++-------
Melee: Dagger            |    52 |     1 ||    53
       Tentacles         |    12 |       ||    12
       Constrict         |     8 |       ||     8
Throw: Boomerang         |     3 |       ||     3
 Cast: Ensorcelled Hiber |     3 |       ||     3
  Use: Potion            |       |     3 ||     3
 Stab: Sleeping          |    15 |       ||    15
Armor: Skin              |     6 |       ||     6
Dodge: Dodged            |    28 |       ||    28

Table legend: (Time is in decaauts)
 A = Elapsed time spent in this place.
 B = Non-inter-level travel time spent in this place.
 C = Inter-level travel time spent in this place.
 D = Time resting spent in this place.
 E = Time spent auto-exploring this place.
 F = Levels seen in this place.
 G = Mean time per level.
                   A        B        C        D        E       F      G
               +--------+--------+--------+--------+--------+-----+--------+
         Total |   1019 |    945 |     74 |     78 |    657 |   2 |  509.5 |
       Dungeon |   1019 |    945 |     74 |     78 |    657 |   2 |  509.5 |
               +--------+--------+--------+--------+--------+-----+--------+

Top non-repeatable levels by time:
     D:1: 870 daAuts
     D:2: 148 daAuts
